 Dungeon Sprint DCSS version 0.28-a0-863-g8cecda6153 (webtiles) character file.

Game seed: 1557890334215020992

72 Turgor the Grasshopper (level 4, -3/39 HPs)
             Began as a Gnoll Warper on Nov 19, 2021.
             Was an Initiate of Gozag.
             Slain by a wraith (12 damage)
             ... in the Dungeon (Sprint IX: "|||||||||||||||||||||||||||||").
             The game lasted 00:05:39 (347 turns).

Turgor the Grasshopper (Gnoll Warper)                Turns: 347, Time: 00:05:39

Health: -3/39      AC:  7    Str: 10    XL:     4   Next: 26%
Magic:  11/11      EV: 13    Int: 14    God:    Gozag
Gold:   0          SH:  0    Dex: 14    Spells: 14/14 levels left

rFire   . . .      SeeInvis .   l - +3 war axe (freeze)
rCold   . . .      Faith    .   (no shield)
rNeg    . . .      Spirit   .   b - +0 leather armour
rPois   .          Reflect  .   a - +0 helmet
rElec   .          Harm     .   m - +0 cloak
rCorr   .          Rampage  .   (no gloves)
Will    .....      NoTele   +   (no boots)
Stlth   ++........              (no amulet)
HPRegen 0.13/turn               o - +3 ring of dexterity
MPRegen 0.12/turn               p - +2 ring of protection

@: slowed, very slow
A: fangs 1, strong nose, distributed training
a: Renounce Religion, Potion Petition, Call Merchant, Bribe Branch


You were in the Dungeon.
You worshipped Gozag.
Gozag was noncommittal.
You visited 1 branch

Inventory:

Hand Weapons
 l - a +3 war axe of freezing (weapon)
Missiles
 d - 5 boomerangs of dispersal (quivered)
Armour
 a - a +0 helmet (worn)
 b - a +0 leather armour (worn)
 m - a +0 cloak (worn)
 n - a +1 chain mail of positive energy
Jewellery
 o - a +3 ring of dexterity (left hand)
 p - a +2 ring of protection (right hand)
Wands
 k - a wand of iceblast (10)
Scrolls
 c - 3 scrolls of blinking
 j - 2 scrolls of amnesia
Potions
 e - 5 potions of curing
 f - 3 potions of heal wounds
 g - a potion of haste
 h - 4 potions of magic
 i - a potion of invisibility


   Skills:
 + Level 5.3 Fighting
 + Level 2.5 Short Blades
 + Level 2.5 Long Blades
 + Level 5.3 Axes
 + Level 2.5 Maces & Flails
 + Level 2.5 Polearms
 + Level 2.5 Staves
 + Level 2.5 Slings
 + Level 2.5 Bows
 + Level 2.5 Crossbows
 + Level 3.7 Throwing
 + Level 3.7 Armour
 + Level 5.3 Dodging
 + Level 2.5 Stealth
 + Level 2.5 Shields
 + Level 2.5 Unarmed Combat
 + Level 5.6 Spellcasting
 + Level 2.1 Conjurations
 + Level 2.1 Hexes
 + Level 2.1 Summonings
 + Level 2.1 Necromancy
 + Level 5.8 Translocations
 + Level 2.1 Transmutations
 + Level 2.1 Fire Magic
 + Level 2.1 Ice Magic
 + Level 2.1 Air Magic
 + Level 2.1 Earth Magic
 + Level 2.1 Poison Magic
 + Level 2.8 Invocations
 + Level 2.5 Evocations


You had 14 spell levels left.
You didn't know any spells.
Your spell library contained the following spells:

 Spells                   Type           Power      Damage    Failure   Level
 Blink                    Tloc           40%        N/A       3%          2
 Gell's Gravitas          Tloc           20%        N/A       6%          3
 Lesser Beckoning         Tloc           20%        N/A       6%          3
 Teleport Other           Tloc           20%        N/A       6%          3
 Manifold Assault         Tloc           20%        N/A       47%         5


Dungeon Overview and Level Annotations

Branches:
Dungeon (1/1)

Altars:
Cheibriados
Dithmenos
Elyvilon
Fedhas
Gozag
Hepliaklqana
Kikubaaqudgha
Makhleb
Nemelex Xobeh
Okawaru
Qazlal
Ru
Sif Muna
Trog
Uskayaw
Vehumet
Wu Jian
Xom
Yredelemnul
Zin
The Shining One
Beogh
Jiyva
Lugonu


Innate Abilities, Weirdness & Mutations

You have very sharp teeth.
Your uncanny sense of smell can sniff out nearby items.
Your experience applies equally to all skills.


Message History

You see here a +1 chain mail of positive energy.
n - a +1 chain mail of positive energy
Okay, then.
Unknown command.
Okay, then.
o - a +3 ring of dexterity
p - a +2 ring of protection You feel agile.
o - a +3 ring of dexterity (left hand)
p - a +2 ring of protection (right hand)
Okay, then.
You open the door.
An acid dragon, a hornet, a gargoyle, a kobold demonologist and a wraith come into view.
The acid dragon roars!
The hornet buzzes angrily.
The kobold demonologist shouts!
Unknown command.
Okay, then.
You barely miss the wraith. The wraith hits you! The wraith misses you.
You closely miss the wraith.
The kobold demonologist mumbles some strange words.
The wraith hits you! The wraith drains your vigour!
You feel yourself slow down.
You slash the wraith! You freeze the wraith.
You bite the wraith, but do no damage.
The wraith is moderately damaged.
The wraith closely misses you. x2
You barely miss the wraith.
The wraith is moderately damaged.
The wraith hits you!
The kobold demonologist mumbles some strange words.
You hit the wraith but do no damage.
The wraith is moderately damaged.
The wraith hits you but does no damage. The wraith hits you.
* * * LOW HITPOINT WARNING * * *
The kobold demonologist gestures wildly while chanting.
You hit the wraith but do no damage.
The wraith is moderately damaged.
The wraith hits you!
You die...
Your body crumbles into a pile of gold.

▓▓▓▓▓▓▓▓▓▓▓▓▓▓▓▓▓▓▓▓▓▓▓▓
_______'..).....@WKD9y{.
▓▓▓▓▓▓▓▓▓▓▓▓▓▓▓▓▓▓▓▓▓▓▓▓
∆∆∆$ $ ∆


$$$$$$ $$$$$ $ $ $ $$$$$ You could see a kobold demonologist, a hornet, a
wraith, an acid dragon and a gargoyle.

Vanquished Creatures
  A hound (D)
  An orc wizard (D)
  A shadow imp (D)
  A dart slug (D)
  A goblin (D)
  A hobgoblin (D)
  A jackal (D)
  A kobold (D)
  A ball python (D)
  A rat (D)
10 creatures vanquished.

Notes
Turn   | Place    | Note
-------+----------+-------------------------------------------
     0 | D        | Turgor the Gnoll Warper began the quest for the Orb.
     0 | D        | Reached XP level 1. HP: 20/20 MP: 6/6
    14 | D        | Reached skill level 5 in Spellcasting
    16 | D        | Reached skill level 1 in Invocations
    18 | D        | Reached skill level 1 in Short Blades
    18 | D        | Reached skill level 1 in Long Blades
    18 | D        | Reached skill level 1 in Maces & Flails
    18 | D        | Reached skill level 1 in Polearms
    18 | D        | Reached skill level 1 in Staves
    18 | D        | Reached skill level 1 in Slings
    18 | D        | Reached skill level 1 in Bows
    18 | D        | Reached skill level 1 in Crossbows
    18 | D        | Reached skill level 1 in Stealth
    18 | D        | Reached skill level 1 in Shields
    18 | D        | Reached skill level 1 in Unarmed Combat
    18 | D        | Reached skill level 1 in Evocations
    99 | D        | Noticed an orc wizard
    99 | D        | Noticed a hound
   104 | D        | Reached skill level 1 in Conjurations
   104 | D        | Reached skill level 1 in Hexes
   104 | D        | Reached skill level 1 in Summonings
   104 | D        | Reached skill level 1 in Necromancy
   104 | D        | Reached skill level 1 in Transmutations
   104 | D        | Reached skill level 1 in Fire Magic
   104 | D        | Reached skill level 1 in Ice Magic
   104 | D        | Reached skill level 1 in Air Magic
   104 | D        | Reached skill level 1 in Earth Magic
   104 | D        | Reached skill level 1 in Poison Magic
   104 | D        | Reached XP level 2. HP: 26/26 MP: 8/8
   106 | D        | Reached skill level 5 in Fighting
   106 | D        | Reached skill level 5 in Axes
   106 | D        | Reached skill level 5 in Dodging
   106 | D        | Reached XP level 3. HP: 33/33 MP: 9/9
   110 | D        | Reached XP level 4. HP: 39/39 MP: 9/11
   166 | D        | Found a snail-covered altar of Cheibriados.
   166 | D        | Found a shadowy altar of Dithmenos.
   166 | D        | Found a white marble altar of Elyvilon.
   166 | D        | Found a blossoming altar of Fedhas.
   166 | D        | Found an opulent altar of Gozag.
   167 | D        | Found a hazy altar of Hepliaklqana.
   168 | D        | Found a viscous altar of Jiyva.
   169 | D        | Found an ancient bone altar of Kikubaaqudgha.
   170 | D        | Found a corrupted altar of Lugonu.
   171 | D        | Found a burning altar of Makhleb.
   172 | D        | Found a sparkling altar of Nemelex Xobeh.
   173 | D        | Found an iron altar of Okawaru.
   174 | D        | Found a stormy altar of Qazlal.
   175 | D        | Found a sacrificial altar of Ru.
   176 | D        | Found a shimmering blue altar of Sif Muna.
   177 | D        | Found a bloodstained altar of Trog.
   178 | D        | Found a hide-covered altar of Uskayaw.
   179 | D        | Found a radiant altar of Vehumet.
   180 | D        | Found an ornate altar of the Wu Jian Council.
   181 | D        | Found a shimmering altar of Xom.
   208 | D        | Found a basalt altar of Yredelemnul.
   209 | D        | Found a glowing silver altar of Zin.
   210 | D        | Found a glowing golden altar of the Shining One.
   288 | D        | Became a worshipper of Gozag Ym Sagoz the Greedy
   341 | D        | Noticed a wraith
   341 | D        | Noticed a kobold demonologist
   341 | D        | Noticed an acid dragon
   341 | D        | Noticed a gargoyle
   341 | D        | Noticed a hornet
   347 | D        | Slain by a wraith

Illustrated notes

Levels and vault maps discovered:
D:        linesprint [early_d, line_temple, items_1, d_10, items_2, lair_1,
          lair_end, items_3, orc_1, orc_end, items_4, d_15, swamp_1, shoals_1,
          snake_1, spider_1, d_20, vaults_1, items_5, swamp_end, shoals_end,
          snake_end, spider_end, vaults_end, d_27, items_6, zot_1, zot_end,
          crypt_end, forest_end, elf_end, slime_end, tomb_end, abyss_end,
          pan_hell_end]

Skill      XL: |  1  2  3 |
---------------+----------+-----
Spellcasting   | 5 |  5.6
Invocations    | 1 2 |  2.8
Short Blades   | 1 2 |  2.5
Long Blades    | 1 2 |  2.5
Maces & Flails | 1 2 |  2.5
Polearms       | 1 2 |  2.5
Staves         | 1 2 |  2.5
Slings         | 1 2 |  2.5
Bows           | 1 2 |  2.5
Crossbows      | 1 2 |  2.5
Stealth        | 1 2 |  2.5
Shields        | 1 2 |  2.5
Unarmed Combat | 1 2 |  2.5
Evocations     | 1 2 |  2.5
Conjurations   | 1 2 |  2.1
Hexes          | 1 2 |  2.1
Summonings     | 1 2 |  2.1
Necromancy     | 1 2 |  2.1
Transmutations | 1 2 |  2.1
Fire Magic     | 1 2 |  2.1
Ice Magic      | 1 2 |  2.1
Air Magic      | 1 2 |  2.1
Earth Magic    | 1 2 |  2.1
Poison Magic   | 1 2 |  2.1
Fighting       | 5 |  5.3
Axes           | 5 |  5.3
Throwing       | 3 |  3.7
Armour         | 3 |  3.7
Dodging        | 5 |  5.3
Translocations | |  5.8

Action                   |  1- 3 |  4- 6 || total
-------------------------+-------+-------++-------
Melee: Hand axe          |    23 |     4 ||    27
       Bite              |     2 |     1 ||     3
       War axe           |       |     6 ||     6
  Use: Potion            |     1 |       ||     1
Armor: Leather armour    |     2 |     1 ||     3
Dodge: Dodged            |    10 |     4 ||    14

Table legend: (Time is in decaauts)
 A = Elapsed time spent in this place.
 B = Non-inter-level travel time spent in this place.
 C = Inter-level travel time spent in this place.
 D = Time resting spent in this place.
 E = Time spent auto-exploring this place.
 F = Levels seen in this place.
 G = Mean time per level.
                   A        B        C        D        E       F      G
               +--------+--------+--------+--------+--------+-----+--------+
         Total |    359 |    359 |      0 |    134 |      0 |   1 |  359.0 |
       Dungeon |    359 |    359 |      0 |    134 |      0 |   1 |  359.0 |
               +--------+--------+--------+--------+--------+-----+--------+

Top non-repeatable levels by time:
       D: 359 daAuts
